 Dungeon Crawl Stone Soup version 0.28.0-53-g5a82cb258f (webtiles) character file.

Game seed: 5214588129491262175

6 Nyth the Slasher (level 1, -1/20 HPs)
             Began as a Minotaur Berserker on Aug 4, 2022.
             Was a Follower of Trog.
             Slain by a jackal (2 damage)
             ... on level 1 of the Dungeon.
             The game lasted 00:02:50 (160 turns).

Nyth the Slasher (Minotaur Berserker)                Turns: 160, Time: 00:02:58

Health: -1/20      AC:  2    Str: 21    XL:     1   Next: 75%
Magic:  0/0        EV: 12    Int:  4    God:    Trog [*.....]
Gold:   10         SH:  0    Dex:  9    Spells: 0/0 levels left

rFire   . . .      SeeInvis .   a - +0 falchion
rCold   . . .      Faith    .   (no shield)
rNeg    . . .      Spirit   .   b - +0 animal skin
rPois   .          Reflect  .   (helmet restricted)
rElec   .          Harm     .   (no cloak)
rCorr   .          Rampage  .   (no gloves)
Will    .....                   (no boots)
Stlth   +.........              (no amulet)
HPRegen 0.06/turn               (no ring)
MPRegen 0.07/turn               (no ring)

@: on berserk cooldown, slowed, very slow
A: horns 2, retaliatory headbutt
a: Renounce Religion, Berserk


You were on level 1 of the Dungeon.
You worshipped Trog.
Trog was aware of your devotion.
You visited 1 branch of the dungeon, and saw 1 of its levels.

You collected 10 gold pieces.

Inventory:

Hand Weapons
 a - a +0 falchion (weapon)
 c - a +0 club
Armour
 b - a +0 animal skin (worn)


   Skills:
 + Level 3.8 Fighting
 * Level 3.9 Long Blades
 + Level 2.4 Armour
 + Level 2.2 Dodging


You couldn't memorise any spells.
You didn't know any spells.
Your spell library was empty.

Dungeon Overview and Level Annotations

Branches:
Dungeon (1/15)

Altars:


Innate Abilities, Weirdness & Mutations

You have a pair of horns on your head.
You reflexively headbutt those who attack you in melee.


Message History

You hit the giant cockroach. You headbutt the giant cockroach.
You kill the giant cockroach!
Trog accepts your kill.
You see here 3 gold pieces.
The endoplasm quivers.
You see here 3 gold pieces.
You now have 10 gold pieces (gained 3).
A red film seems to cover your vision as you go berserk!
You feel yourself moving faster!
You feel mighty!
You are too berserk!
You slash the endoplasm!
You kill the endoplasm!
Trog accepts your kill.
Calm down first, please.
No target in view!
No target in view!
You feel a strong urge to attack something.
A jackal comes into view.
The jackal barks!
A jackal comes into view.
You feel your anger nearly subside.
You are no longer berserk.
You are exhausted.
You feel yourself slow down.
An endoplasm comes into view.
The endoplasm quivers.
A dart slug comes into view.
The jackal bites you. x2; The jackal closely misses you.
You furiously retaliate!
You headbutt the jackal!
You kill the jackal!
Trog accepts your kill. The jackal barely misses you.
The jackal closely misses you. The endoplasm freezes you.
You are frozen.
You barely miss the jackal. The jackal bites you.
* * * LOW HITPOINT WARNING * * *
The endoplasm freezes you.
You are frozen.
* * * LOW HITPOINT WARNING * * *
The jackal bites you.
You die...

#...#. ###......
......>...#####
###.##...........
...............# .
#.#..#......#..# .#
..##.#............##..#.
..##.#..........@.......
..##.#.........Jh.....##
..##...............w....
.......##.#.#..#.#.#.###
.......................
..#.........#....#.#####
..........#..........
......................
†.......#.#..#..##.###


You could see a dart slug, an endoplasm and a jackal.

Vanquished Creatures
  An endoplasm (D:1)
  A giant cockroach (D:1)
  A goblin (D:1)
  A jackal (D:1)
  A bat (D:1)
5 creatures vanquished.

Vanquished Creatures (others)
  2 plants (D:1)
2 creatures vanquished.

Grand Total: 7 creatures vanquished

Notes
Turn   | Place    | Note
-------+----------+-------------------------------------------
     0 | D:1      | Nyth the Minotaur Berserker began the quest for the Orb.
     0 | D:1      | Reached XP level 1. HP: 19/19 MP: 0/0
   160 | D:1      | HP: 1/20 [frozen (4)]
   160 | D:1      | Slain by a jackal

Illustrated notes

Levels and vault maps discovered:
D:1:      lightli_arrival_statuegarden, layout_basic, basic_ecumenical_altar,
          patterned_corridor

Action                   || total
-------------------------++-------
Melee: Falchion          ||    17
       Headbutt          ||     3
Invok: Berserk           ||     1
  Use: Scroll            ||     2
Armor: Animal skin       ||     2
Dodge: Dodged            ||    10
